 Dungeon Sprint DCSS version 0.19-a0-1908-g43c011f (webtiles) character file.

92004 esc the Sorcerer (level 15, -10/104 HPs)
             Began as a Deep Elf Fire Elementalist on Oct 22, 2016.
             Was the Champion of Sif Muna.
             Hit by a poisoned javelin thrown by a merfolk javelineer (22 damage)
             ... in the Dungeon (Sprint IX: "|||||||||||||||||||||||||||||").
             The game lasted 01:08:53 (8484 turns).

esc the Sorcerer (Deep Elf Fire Elementalist)       Turns: 8484, Time: 01:08:54

Health: -10/104    AC: 10    Str:  5    XL:     15   Next: 19%
Magic:  6/43       EV: 30    Int: 30    God:    Sif Muna [******]
Gold:   1315       SH:  0    Dex: 18    Spells: 10 memorised, 7 levels left

rFire  . . .     SeeInvis .     n - staff of energy {@w1+MP, hungerless spells, !d!a}
rCold  . . .     Gourm    .     H - +1 robe {Archmagi}
rNeg   . . .     Faith    .     (no shield)
rPois  .         Spirit   .     q - +0 helmet
rElec  .         Reflect  .     p - +1 cloak
rCorr  .         Harm     .     O - +2 pair of gloves {Dex+3}
MR     +....     NoTele   +     D - +0 pair of boots
Stlth  +++++.....               (no amulet)
                                s - +3 ring of intelligence
                                K - ring of wizardry {Wiz+, !d}

@: no status effects
A: no striking features
a: Divine Energy, Channel Magic, Forget Spell, Renounce Religion
}: 1/15 runes: gossamer


You were in the Dungeon.
You worshipped Sif Muna.
Sif Muna was exalted by your worship.
You were not hungry.

You visited 1 branch You collected 1900 gold pieces.
You spent 585 gold pieces at shops.

Inventory:

Hand Weapons
 N - a +1 lajatang
   (You found it in the Dungeon)
Missiles
 J - 8 javelins (quivered)
Armour
 p - a +1 cloak (worn)
   (You found it in the Dungeon)
 q - a +0 helmet (worn)
   (You found it in the Dungeon)
 D - a +0 pair of boots (worn)
   (You found it in the Dungeon)
 H - a +1 robe of the Archmagi (worn)
   (You bought it in a shop in the Dungeon)
 O - a +2 pair of gloves of dexterity (worn)
   (You found it in the Dungeon)
Magical Staves
 n - an uncursed staff of energy (weapon) {@w1+MP, hungerless spells, !d!a}
   (You found it in the Dungeon)
Jewellery
 r - a +4 ring of protection
   (You found it in the Dungeon)
 s - a +3 ring of intelligence (right hand)
   (You found it in the Dungeon)
 v - a +6 ring of strength
   (You found it in the Dungeon)
 w - an uncursed ring of protection from cold {rC+, !d}
   (You found it in the Dungeon)
 K - a ring of wizardry (left hand) {Wiz+, !d}
   (You found it in the Dungeon)
 L - an uncursed ring of poison resistance {rPois, !d}
   (You found it in the Dungeon)
 M - an uncursed ring of protection from cold {rC+, !d}
   (You found it in the Dungeon)
Wands
 o - a wand of lightning (3/15)
   (You found it in the Dungeon)
Scrolls
 i - 3 scrolls of identify
 l - 7 scrolls of remove curse
 m - 2 scrolls of amnesia
 u - a scroll of fog
 y - a scroll of recharging
 E - a scroll of blinking {!r}
 I - a scroll of immolation {!r}
 R - 2 scrolls of enchant weapon
Potions
 c - 3 potions of resistance
 d - 5 potions of curing
 e - 7 potions of heal wounds
 f - a potion of haste
 g - 5 potions of magic
 j - a potion of berserk rage {!q}
 k - 3 potions of brilliance
 t - a potion of might
 P - 2 potions of cure mutation {!q}
 W - a potion of lignification {!q}
Books
 a - Sif Muna's Disquisition on Scorching Sinister Rituals
   (Sif Muna gifted it to you in the Dungeon)

   Spells                             Type                      Level
   a - Flame Tongue                   Conjuration/Fire             1
   b - Conjure Flame                  Conjuration/Fire             3
   c - Excruciating Wounds            Charms/Necromancy            5
   d - Bolt of Fire                   Conjuration/Fire             6
   e - Infestation                    Necromancy                   8
 b - a book of Flames
 h - a book of Alchemy
   (Sif Muna gifted it to you in the Dungeon)
 x - Sif Muna's Compendium of the Frigorific Traveller
   (Sif Muna gifted it to you in the Dungeon)

   Spells                             Type                      Level
   a - Ozocubu's Armour               Charms/Ice                   3
   b - Recall                         Summoning/Translocation      3
   c - Force Lance                    Conjuration/Translocation    4
   d - Passage of Golubria            Translocation                4
 z - Sif Muna's Papyrus of Blistering Poison
   (Sif Muna gifted it to you in the Dungeon)

   Spells                             Type                      Level
   a - Throw Flame                    Conjuration/Fire             2
   b - Bolt of Magma                  Conjuration/Fire/Earth       5
   c - Alistair's Intoxication        Transmutation/Poison         5
   d - Bolt of Fire                   Conjuration/Fire             6
   e - Poisonous Cloud                Conjuration/Poison/Air       6
   f - Delayed Fireball               Conjuration/Fire             7
 F - Sif Muna's Compendium of Supportive Attacks
   (Sif Muna gifted it to you in the Dungeon)

   Spells                             Type                      Level
   a - Throw Frost                    Conjuration/Ice              2
   b - Iskenderun's Mystic Blast      Conjuration                  4
   c - Bolt of Magma                  Conjuration/Fire/Earth       5
   d - Summon Forest                  Summoning/Translocation      5
   e - Chain Lightning                Conjuration/Air              8
   f - Glaciate                       Conjuration/Ice              9
   g - Fire Storm                     Conjuration/Fire             9
 G - Sif Muna's Incunabulum of Confrontation
   (Sif Muna gifted it to you in the Dungeon)

   Spells                             Type                      Level
   a - Iskenderun's Battlesphere      Conjuration/Charms           5
   b - Bolt of Draining               Conjuration/Necromancy       5
   c - Iron Shot                      Conjuration/Earth            6
   d - Lehudib's Crystal Spear        Conjuration/Earth            8
 Q - Sif Muna's Reference Book on Aerial Bewitchment
   (Sif Muna gifted it to you in the Dungeon)

   Spells                             Type                      Level
   a - Corona                         Hexes                        1
   b - Static Discharge               Conjuration/Air              3
   c - Mephitic Cloud                 Conjuration/Poison/Air       3
   d - Summon Guardian Golem          Hexes/Summoning              3
   e - Freezing Cloud                 Conjuration/Ice/Air          6
 S - Sif Muna's Collected Works on Conjuration
   (Sif Muna gifted it to you in the Dungeon)

   Spells                             Type                      Level
   a - Throw Icicle                   Conjuration/Ice              4
   b - Lightning Bolt                 Conjuration/Air              5
   c - Orb of Destruction             Conjuration                  7
   d - Spellforged Servitor           Conjuration/Summoning        7
   e - Lehudib's Crystal Spear        Conjuration/Earth            8
 T - Sif Muna's Disquisition on Entrancing Protection
   (Sif Muna gifted it to you in the Dungeon)

   Spells                             Type                      Level
   a - Song of Slaying                Charms                       2
   b - Slow                           Hexes                        2
   c - Tukima's Dance                 Hexes                        3
   d - Yara's Violent Unravelling     Hexes/Transmutation          5
   e - Metabolic Englaciation         Hexes/Ice                    5
   f - Death's Door                   Charms/Necromancy            8
 U - Sif Muna's Almanac of Orientation
   (Sif Muna gifted it to you in the Dungeon)

   Spells                             Type                      Level
   a - Apportation                    Translocation                1
   b - Lesser Beckoning               Translocation                3
   c - Force Lance                    Conjuration/Translocation    4
   d - Controlled Blink               Translocation                8
   e - Disjunction                    Translocation                8
 V - Sif Muna's Last Secrets of Magic
   (Sif Muna gifted it to you in the Dungeon)

   Spells                             Type                      Level
   a - Ring of Flames                 Charms/Fire                  7
   b - Haunt                          Necromancy/Summoning         7
   c - Monstrous Menagerie            Summoning                    7
   d - Dragon Form                    Transmutation                7
 Z - Viatra's Catalogue of Hurtful Snow
   (Sif Muna gifted it to you in the Dungeon)

   Spells                             Type                      Level
   a - Flame Tongue                   Conjuration/Fire             1
   b - Magic Dart                     Conjuration                  1
   c - Static Discharge               Conjuration/Air              3
   d - Conjure Ball Lightning         Conjuration/Air              6
   e - Ozocubu's Refrigeration        Ice                          6
   f - Orb of Destruction             Conjuration                  7
Comestibles
 A - 13 meat rations {@e2}
 B - 30 fruits
 C - 12 bread rations {@e1}


   Skills:
 + Level 15.8 Fighting
 + Level 21.2 Dodging
 - Level 12.3 Stealth
 + Level 22.8 Spellcasting
 + Level 19.7 Conjurations
 - Level 1.5 Charms
 - Level 1.2 Necromancy
 + Level 19.2 Fire Magic
 - Level 6.8 Ice Magic
 - Level 1.0 Earth Magic
 - Level 13.0 Invocations
 - Level 1.0 Evocations


You had 7 spell levels left.
You knew the following spells:

 Your Spells              Type           Power        Failure   Level  Hunger
a - Flame Tongue          Conj/Fire      #####        0%          1    None
b - Bolt of Fire          Conj/Fire      ########..   1%          6    None
c - Conjure Flame         Conj/Fire      ########     0%          3    None
d - Fire Storm            Conj/Fire      ########..   10%         9    None
e - Bolt of Draining      Conj/Necr      #######...   1%          5    None
f - Fireball              Conj/Fire      ########..   0%          5    None
g - Bolt of Cold          Conj/Ice       ########..   1%          6    None
h - Lehudib's Crystal Sp  Conj/Erth      #######...   52%         8    None
s - Sticky Flame          Conj/Fire      ########     0%          4    None
z - Iskenderun's Battles  Conj/Chrm      #######.     1%          5    None


Dungeon Overview and Level Annotations

Branches:
Dungeon (1/1)

Altars:
Cheibriados
Dithmenos
Elyvilon
Fedhas
Gozag
Hepliaklqana
Kikubaaqudgha
Makhleb
Nemelex Xobeh
Okawaru
Qazlal
Ru
Sif Muna
Trog
Uskayaw
Vehumet
Xom
Yredelemnul
Zin
The Shining One
Beogh
Jiyva
Lugonu

Shops:
D %[*[


Message History

The poisoned javelin hits the merfolk avatar!
The merfolk avatar is poisoned.
The merfolk avatar is engulfed in roaring flames.
The merfolk javelineer is engulfed in roaring flames.
You kill the merfolk javelineer!
Sif Muna accepts your kill.
Your Dodging skill increases to level 21!
The merfolk javelineer throws a javelin.
The javelin completely misses you.
You now have 34/43 mp.
Aim: a merfolk avatar (flame, severely wounded, poisoned)
You feel a surge of power!
The bolt of negative energy hits the merfolk javelineer.
The merfolk javelineer is drained!
The bolt of negative energy hits the merfolk avatar.
The merfolk avatar is drained!
You kill the merfolk avatar!
Sif Muna accepts your kill.
Your Fire Magic skill increases to level 19!
The merfolk javelineer throws a javelin.
The javelin barely misses you.
The merfolk is engulfed in roaring flames.
You kill the merfolk!
Sif Muna accepts your kill.
Your fire vortex barely misses something.
A merfolk aquamancer comes into view.
It is wielding a rapier of electrocution.
Health restored: 104 You now have 29/43 mp.
Aim: a merfolk javelineer, wielding a spear of flaming and wearing a leather armour (heavily wounded, lightly drained)
You feel a surge of power!
The sticky flame hits the merfolk javelineer.
The merfolk javelineer is covered in liquid flames!
The merfolk javelineer burns!
Your fire vortex misses something.
The merfolk javelineer throws a javelin.
The javelin completely misses you.
Something barely misses your fire vortex.
Your fire vortex completely misses something.
You now have 26/43 mp.
Aim: a merfolk javelineer, wielding a spear of flaming and wearing a leather armour (severely wounded, covered in liquid flames, lightly drained)
Okay, then.
Okay, then.
Aim: a merfolk javelineer, wielding a spear of flaming and wearing a leather armour (severely wounded, covered in liquid flames, lightly drained)
You feel a surge of power!
The bolt of negative energy hits the merfolk javelineer.
The merfolk javelineer is drained!
You kill the merfolk javelineer!
Sif Muna accepts your kill.
Your fire vortex hits something.
Your fire vortex burns something!
You now have 21/43 mp.
You feel a surge of power!
A raging storm of fire appears!
The great blast of fire engulfs something.
The great blast of fire engulfs the merfolk aquamancer.
The merfolk aquamancer is engulfed in roaring flames.
The merfolk aquamancer dies!
Sif Muna accepts your kill.
You now have 13/43 mp.
You can't see any susceptible monsters within range! (Use Z to cast anyway.)
You feel a surge of power!
The bolt of negative energy hits something.
You now have 8/43 mp.
Something hits your fire vortex! Something freezes your fire vortex.
You see here an inedible chunk of flesh {@w0}.
You see here 3 javelins.
J - 8 javelins (gained 3)
You see here an inedible chunk of flesh {@w0}.
A shard of ice appears from out of thin air!
The shard of ice hits you!
The merfolk javelineer throws a poisoned javelin.
The poisoned javelin hits you!!
You are poisoned.
You take 55 damage, and have 49/104 hp.
MASSIVE DAMAGE!!
You can't see any susceptible monsters within range! (Use Z to cast anyway.)
You feel sick.
You hear some strange, mumbled words.
A shard of ice appears from out of thin air!
The shard of ice hits you!
* * * LOW HITPOINT WARNING * * *
The merfolk javelineer throws a poisoned javelin.
You take 42 damage, and have 7/104 hp.
MASSIVE DAMAGE!!
You feel better.
The merfolk javelineer throws a poisoned javelin.
You regained 11 hp, and now have 18/104 hp.
Aim: a merfolk javelineer, wielding a spear of piercing and wearing a leather armour (severely wounded)
You feel a surge of power!
The bolt of fire hits something.
Sif Muna accepts your kill.
Reactivating autopickup.
You see here Iffuromm's Compendium of Igneous Cold.
Sif Muna grants you a gift!
You feel a bit more experienced.
The merfolk javelineer throws a poisoned javelin.
The poisoned javelin hits you!
* * * LOW HITPOINT WARNING * * *
You are lethally poisoned!
You take 17 damage, and have 1/104 hp.
You now have 6/43 mp.
You feel better.
The merfolk javelineer throws a poisoned javelin.
The poisoned javelin hits you!!
You die...

▓.▓.▓.▓.▓.▓.▓.▓.▓'
▓.▓)▓.▓.▓.▓.▓.▓.▓.
▓.▓.▓.▓.▓.▓.▓.▓.▓.
▓.▓.▓'▓.▓.▓.▓.▓.▓.
▓.▓.▓=▓.▓(▓.▓.▓.▓.
▓.▓.▓.▓.▓.▓.▓.▓.▓.
▓.▓.▓.▓.▓.▓.▓'▓.▓)
▓(▓.▓.▓.▓.▓.▓.▓.▓)
▓@▓.▓.▓.▓[▓.▓.▓.▓)
▓.▓.▓.▓.▓(▓.▓.▓.▓)
▓.▓.▓=▓.▓(▓.▓.▓.▓)
▓)▓.▓=▓.▓)▓.▓.▓.▓.
▓(▓.▓.▓.▓.▓.▓)▓.▓)
▓)▓.▓)▓.▓.▓.▓.▓.▓)
▓m▓.▓)▓.▓.▓.▓.▓.▓.
▓†▓.▓)▓.▓.▓.▓.▓.▓[
▓)▓.▓)▓.▓.▓.▓)▓.▓[


You could see a merfolk javelineer.

Vanquished Creatures
  Frederick (D)
  Ilsuiw (D)
  2 fire giants (D)
  2 vault wardens (D)
  A frost giant (D)
  4 ghost moths (D)
  5 emperor scorpions (D)
  An ironheart preserver (D)
  A vampire knight (D)
  An entropy weaver (D)
  A stone giant (D)
  Nessos (D)
  A spark wasp (D)
  An ettin (D)
  2 merfolk javelineers (D)
  7 fire dragons (D)
  2 merfolk impalers (D)
  2 ice dragons (D)
  A hydra (D)
  An alligator snapping turtle (D)
  A merfolk aquamancer (D)
  2 anacondas (D)
  2 merfolk avatars (D)
  2 centaur warriors (D)
  A naga warrior (D)
  A satyr (D)
  A vampire mage (D)
  2 alligators (D)
  A tengu warrior (D)
  4 ogre magi (D)
  Urug (D)
  2 sea snakes (D)
  2 salamander mystics (D)
  2 deep trolls (D)
  3 unseen horrors (D)
  10 hill giants (D)
  A wizard (D)
  A naga ritualist (D)
  2 ironbrand convokers (D)
  2 orc knights (D)
  A harpy (D)
  An orb spider (D)
  An orb spider (shapeshifter) (D)
  A lindwurm (D)
  3 wolf spiders (D)
  An ugly thing (D)
  A shining eye (shapeshifter) (D)
  A black mamba (D)
  A guardian serpent (D)
  2 vault sentinels (D)
  A moth of wrath (D)
  Joseph (D)
  A komodo dragon (D)
  2 spiny frogs (D)
  4 yaktaurs (D)
  A merfolk (D)
  3 trolls (D)
  A tengu conjurer (D)
  2 hornets (D)
  A two-headed ogre (D)
  4 jumping spiders (D)
  2 tyrant leeches (D)
  A blink frog (shapeshifter) (D)
  A bog body (D)
  4 slime creatures (D)
  2 hippogriffs (D)
  A blink frog (D)
  2 redbacks (D)
  A tarantella (D)
  2 wraiths (D)
  Grum (D)
  A water elemental (D)
  Eustachio (D)
  A hungry ghost (D)
  A naga (D)
  3 porcupines (D)
  6 water moccasins (D)
  A black bear (D)
  2 swamp drakes (D)
  10 orc warriors (D)
  3 wolves (D)
  3 centaurs (D)
  2 crocodiles (D)
  A big kobold (D)
  3 bullfrogs (D)
  2 wights (D)
  3 orc priests (D)
  6 orc wizards (D)
  A worker ant (D)
  An adder (D)
  5 worms (D)
  2 leopard geckos (D)
  6 orcs (D)
  2 ball pythons (D)
  A bat zombie (D)
  A giant cockroach (D)
  A kobold (D)
  A bat (D)
  A leopard gecko skeleton (D)
  A leopard gecko zombie (D)
204 creatures vanquished.

Vanquished Creatures (collateral kills)
  A merfolk aquamancer (D)
1 creature vanquished.

Vanquished Creatures (others)
  3 fire vortices (D)
3 creatures vanquished.

Grand Total: 208 creatures vanquished

Notes
Turn   | Place    | Note
-------+----------+-------------------------------------------
     0 | D        | esc the Deep Elf Fire Elementalist began the quest for the Orb.
     0 | D        | Reached XP level 1. HP: 10/10 MP: 6/6
    29 | D        | Reached skill level 3 in Stealth
    29 | D        | Reached skill level 2 in Conjurations
   142 | D        | Reached XP level 2. HP: 10/16 MP: 4/8
   155 | D        | Reached skill level 3 in Dodging
   162 | D        | HP: 4/16 [bat zombie (1)]
   165 | D        | Reached skill level 1 in Fighting
   168 | D        | HP: 2/24 [adder (2)]
   170 | D        | Reached skill level 4 in Spellcasting
   181 | D        | Found a roughly hewn altar of Beogh.
   181 | D        | Found a snail-covered altar of Cheibriados.
   181 | D        | Found a shadowy altar of Dithmenos.
   181 | D        | Found a white marble altar of Elyvilon.
   181 | D        | Found a blossoming altar of Fedhas.
   181 | D        | Found an opulent altar of Gozag.
   182 | D        | Found a hazy altar of Hepliaklqana.
   183 | D        | Found a viscous altar of Jiyva.
   184 | D        | Found an ancient bone altar of Kikubaaqudgha.
   185 | D        | Found a corrupted altar of Lugonu.
   186 | D        | Found a burning altar of Makhleb.
   187 | D        | Found a sparkling altar of Nemelex Xobeh.
   188 | D        | Found an iron altar of Okawaru.
   189 | D        | Found a stormy altar of Qazlal.
   190 | D        | Found a sacrificial altar of Ru.
   191 | D        | Found a deep blue altar of Sif Muna.
   192 | D        | Found a bloodstained altar of Trog.
   193 | D        | Found a hide-covered altar of Uskayaw.
   194 | D        | Found a radiant altar of Vehumet.
   195 | D        | Found a shimmering altar of Xom.
   196 | D        | Found a basalt altar of Yredelemnul.
   197 | D        | Found a glowing silver altar of Zin.
   198 | D        | Found a glowing golden altar of the Shining One.
   199 | D        | Became a worshipper of Sif Muna the Loreminder
   441 | D        | Noticed a wight
   441 | D        | Noticed a big kobold
   441 | D        | Noticed a centaur
   441 | D        | Noticed a black bear
   441 | D        | Noticed a two-headed ogre
   443 | D        | HP: 4/16 [wight/enchanted great sword (12)]
   446 | D        | Killed a black bear
   446 | D        | Reached * piety under Sif Muna
   446 | D        | Reached skill level 2 in Fighting
   446 | D        | Reached skill level 5 in Dodging
   446 | D        | Reached skill level 5 in Stealth
   446 | D        | Reached skill level 5 in Spellcasting
   446 | D        | Reached skill level 4 in Conjurations
   446 | D        | Reached skill level 5 in Fire Magic
   446 | D        | Reached XP level 3. HP: 6/22 MP: 10/12
   446 | D        | Reached XP level 4. HP: 7/27 MP: 10/13
   447 | D        | Killed a centaur
   447 | D        | Reached skill level 3 in Fighting
   447 | D        | Reached skill level 6 in Stealth
   447 | D        | Reached skill level 6 in Spellcasting
   447 | D        | Reached skill level 5 in Conjurations
   447 | D        | Reached XP level 5. HP: 9/32 MP: 11/16
   448 | D        | Reached ** piety under Sif Muna
   448 | D        | Reached skill level 6 in Dodging
   448 | D        | Reached skill level 7 in Spellcasting
   448 | D        | Reached skill level 6 in Fire Magic
   449 | D        | HP: 5/33 [big kobold/whip (4)]
   450 | D        | Reached skill level 4 in Fighting
   450 | D        | Reached skill level 7 in Stealth
   450 | D        | Reached XP level 6. HP: 6/38 MP: 8/18
   451 | D        | Killed a two-headed ogre
   451 | D        | Reached *** piety under Sif Muna
   451 | D        | Reached skill level 7 in Dodging
   451 | D        | Reached skill level 8 in Stealth
   451 | D        | Reached skill level 8 in Spellcasting
   451 | D        | Reached skill level 6 in Conjurations
   451 | D        | Reached skill level 7 in Fire Magic
   451 | D        | Reached XP level 7. HP: 7/44 MP: 7/21
   702 | D        | Learned a level 4 spell: Sticky Flame
   708 | D        | Learned a level 5 spell: Fireball
   712 | D        | Learned a level 3 spell: Conjure Flame
   714 | D        | Noticed a hippogriff
   714 | D        | Noticed a hungry ghost
   714 | D        | Noticed a hill giant
   722 | D        | Killed a hippogriff
   722 | D        | Reached skill level 5 in Fighting
   722 | D        | Reached skill level 8 in Dodging
   722 | D        | Reached skill level 9 in Stealth
   722 | D        | Reached skill level 9 in Spellcasting
   722 | D        | Reached skill level 7 in Conjurations
   763 | D        | Killed a hungry ghost
   763 | D        | Reached skill level 8 in Fire Magic
   879 | D        | HP: 11/44 [worker ant (4)]
   901 | D        | Killed a hill giant
   901 | D        | Reached **** piety under Sif Muna
   901 | D        | Reached skill level 6 in Fighting
   901 | D        | Reached skill level 9 in Dodging
   901 | D        | Reached skill level 10 in Stealth
   901 | D        | Reached skill level 10 in Spellcasting
   901 | D        | Reached skill level 8 in Conjurations
   901 | D        | Reached XP level 8. HP: 19/51 MP: 2/24
  1199 | D        | Noticed a hippogriff
  1199 | D        | Noticed a komodo dragon
  1203 | D        | Killed a hippogriff
  1203 | D        | Reached skill level 9 in Fire Magic
  1225 | D        | Reached skill level 10 in Dodging
  1225 | D        | Reached skill level 9 in Conjurations
  1229 | D        | Reached skill level 11 in Spellcasting
  1299 | D        | Reached ***** piety under Sif Muna
  1300 | D        | HP: 11/52 [komodo dragon (29)]
  1563 | D        | Killed a komodo dragon
  1563 | D        | Identified Sif Muna's Almanac of Contamination and Black Secrets (Sif Muna gifted it to you in the Dungeon)
  1563 | D        | Received a gift from Sif Muna
  1563 | D        | Reached skill level 7 in Fighting
  1563 | D        | Reached skill level 11 in Stealth
  1563 | D        | Reached XP level 9. HP: 43/57 MP: 19/26
  1965 | D        | Noticed a spiny frog
  1965 | D        | Noticed a spiny frog
  1969 | D        | Reached skill level 10 in Fire Magic
  1973 | D        | Reached skill level 10 in Conjurations
  1977 | D        | Reached skill level 11 in Dodging
  1977 | D        | Reached skill level 12 in Spellcasting
  1979 | D        | HP: 12/57 [spiny frog (19)]
  1980 | D        | Killed a spiny frog
  1980 | D        | Reached skill level 12 in Stealth
  2001 | D        | Killed a spiny frog
  2160 | D        | Identified Sif Muna's Papyrus of Blistering Poison (Sif Muna gifted it to you in the Dungeon)
  2160 | D        | Received a gift from Sif Muna
  2222 | D        | Learned a level 6 spell: Bolt of Fire
  2299 | D        | Learned a level 5 spell: Bolt of Magma
  2299 | D        | Noticed a tyrant leech
  2299 | D        | Noticed a lindwurm
  2314 | D        | Killed a tyrant leech
  2314 | D        | Reached skill level 8 in Fighting
  2314 | D        | Reached skill level 1 in Invocations
  2314 | D        | Reached XP level 10. HP: 51/64 MP: 20/28
  2325 | D        | Killed a lindwurm
  2325 | D        | Reached skill level 11 in Fire Magic
  2325 | D        | Reached skill level 2 in Invocations
  2376 | D        | HP: 16/64 [tyrant leech (31)]
  2393 | D        | Reached skill level 12 in Dodging
  2393 | D        | Reached skill level 13 in Spellcasting
  2393 | D        | Reached skill level 11 in Conjurations
  2666 | D        | Noticed Joseph
  2678 | D        | Killed Joseph
  2678 | D        | Reached skill level 3 in Invocations
  2912 | D        | Noticed Eustachio
  2920 | D        | Killed Eustachio
  3056 | D        | Noticed Grum
  3073 | D        | Killed Grum
  3073 | D        | Identified Sif Muna's Compendium of Supportive Attacks (Sif Muna gifted it to you in the Dungeon)
  3073 | D        | Received a gift from Sif Muna
  3073 | D        | Reached skill level 4 in Invocations
  3396 | D        | Noticed an orc knight
  3406 | D        | Killed an orc knight
  3406 | D        | Reached skill level 5 in Invocations
  3410 | D        | Reached skill level 9 in Fighting
  3411 | D        | Identified Sif Muna's Almanac of Entrancing Transmutation (Sif Muna gifted it to you in the Dungeon)
  3411 | D        | Received a gift from Sif Muna
  3421 | D        | Reached skill level 12 in Fire Magic
  3433 | D        | Reached skill level 14 in Spellcasting
  3666 | D        | Found Himousse's Food Emporium.
  3666 | D        | Noticed a hill giant
  3666 | D        | Noticed an ogre mage
  3666 | D        | Noticed a deep troll
  3666 | D        | Noticed a hill giant
  3666 | D        | Noticed a hill giant
  3669 | D        | Killed a hill giant
  3669 | D        | Reached skill level 13 in Dodging
  3669 | D        | Reached skill level 12 in Conjurations
  3669 | D        | Reached skill level 6 in Invocations
  3672 | D        | Killed an ogre mage
  3672 | D        | Reached XP level 11. HP: 65/71 MP: 10/31
  3672 | D        | Killed a deep troll
  3677 | D        | Killed a hill giant
  3677 | D        | Reached skill level 7 in Invocations
  3678 | D        | Identified Sif Muna's Incunabulum of Confrontation (Sif Muna gifted it to you in the Dungeon)
  3678 | D        | Received a gift from Sif Muna
  3679 | D        | Killed a hill giant
  3694 | D        | Found Foahifed's Armour Shoppe.
  3698 | D        | Found Neodo's Assorted Antiques.
  3700 | D        | Noticed a hill giant
  3701 | D        | Found Cigeycs's Antique Armour Shoppe.
  3702 | D        | Noticed a deep troll
  3766 | D        | Noticed an ogre mage
  3767 | D        | Noticed a hill giant
  3768 | D        | Noticed a hill giant
  3775 | D        | Killed a hill giant
  3783 | D        | Killed a deep troll
  3783 | D        | Reached skill level 10 in Fighting
  3783 | D        | Reached skill level 15 in Spellcasting
  3783 | D        | Reached skill level 13 in Fire Magic
  3796 | D        | Killed an ogre mage
  3796 | D        | Reached skill level 14 in Dodging
  3796 | D        | Reached skill level 8 in Invocations
  3797 | D        | Killed a hill giant
  3797 | D        | Reached skill level 13 in Conjurations
  3807 | D        | Killed a hill giant
  4011 | D        | Learned a level 5 spell: Iskenderun's Battlesphere
  4017 | D        | Learned a level 5 spell: Bolt of Draining
  4036 | D        | Bought a glowing robe for 180 gold pieces
  4046 | D        | Bought a runed robe for 180 gold pieces
  4058 | D        | Bought a scroll labeled MORUCOM JISEA for 25 gold pieces
  4058 | D        | Bought a potion of magic for 200 gold pieces
  4107 | D        | Noticed Urug
  4117 | D        | Killed Urug
  4117 | D        | Identified Sif Muna's Disquisition on Scorching Sinister Rituals (Sif Muna gifted it to you in the Dungeon)
  4117 | D        | Received a gift from Sif Muna
  4117 | D        | Reached skill level 1 in Charms
  4117 | D        | Reached skill level 1 in Necromancy
  4117 | D        | Reached skill level 1 in Earth Magic
  4117 | D        | Reached skill level 1 in Evocations
  4314 | D        | Got the +5 chain mail of the Valley of Death {*Contam +Fly Dex+2}
  4318 | D        | Got the cursed +0 scale mail of the Alphagorgon {-Tele rElec rCorr}
  4359 | D        | Noticed a hill giant
  4359 | D        | Noticed a wizard
  4359 | D        | Noticed an orc knight
  4359 | D        | Noticed a hill giant
  4361 | D        | Killed a wizard
  4361 | D        | Reached skill level 9 in Invocations
  4363 | D        | Killed a hill giant
  4368 | D        | Noticed a fire dragon
  4368 | D        | Killed an orc knight
  4368 | D        | Reached skill level 16 in Spellcasting
  4373 | D        | Killed a hill giant
  4373 | D        | Reached XP level 12. HP: 79/79 MP: 13/34
  4375 | D        | Noticed an ettin
  4376 | D        | Killed a fire dragon
  4376 | D        | Reached ****** piety under Sif Muna
  4377 | D        | Reached skill level 15 in Dodging
  4380 | D        | Killed an ettin
  4380 | D        | Identified Sif Muna's Collected Works on Conjuration (Sif Muna gifted it to you in the Dungeon)
  4380 | D        | Received a gift from Sif Muna
  4380 | D        | Reached skill level 11 in Fighting
  4380 | D        | Reached skill level 14 in Conjurations
  4380 | D        | Reached skill level 10 in Invocations
  4385 | D        | Noticed a fire dragon
  4410 | D        | Got the +6 broad axe "Koan" {venom, Dex+2 SInv}
  4498 | D        | Killed a fire dragon
  4506 | D        | Noticed a vampire mage
  4654 | D        | Noticed a fire dragon
  4654 | D        | Killed a vampire mage
  4659 | D        | Killed a fire dragon
  4662 | D        | Noticed a fire dragon
  4784 | D        | Killed a fire dragon
  4784 | D        | Reached skill level 17 in Spellcasting
  4990 | D        | Reached skill level 11 in Invocations
  4991 | D        | Killed a ghost moth
  4993 | D        | Identified Sif Muna's Disquisition on Entrancing Protection (Sif Muna gifted it to you in the Dungeon)
  4993 | D        | Received a gift from Sif Muna
  4993 | D        | Reached skill level 16 in Dodging
  4996 | D        | Noticed an emperor scorpion
  4996 | D        | HP: 20/80 [jumping spider (1)]
  4998 | D        | HP: 9/80 [jumping spider (15)]
  5270 | D        | Killed an emperor scorpion
  5270 | D        | Reached skill level 15 in Conjurations
  5270 | D        | Reached skill level 14 in Fire Magic
  5374 | D        | Noticed an anaconda
  5374 | D        | Noticed an anaconda
  5374 | D        | Noticed a naga warrior
  5377 | D        | Reached skill level 12 in Fighting
  5378 | D        | Killed an anaconda
  5382 | D        | Reached skill level 12 in Invocations
  5383 | D        | Killed an anaconda
  5383 | D        | Reached skill level 18 in Spellcasting
  5383 | D        | Reached XP level 13. HP: 50/86 MP: 1/37
  5398 | D        | Identified Sif Muna's Compendium of the Frigorific Traveller (Sif Muna gifted it to you in the Dungeon)
  5398 | D        | Received a gift from Sif Muna
  5581 | D        | Noticed a merfolk impaler
  5582 | D        | Noticed a merfolk impaler
  5590 | D        | Reached skill level 17 in Dodging
  5590 | D        | Killed a merfolk impaler
  5590 | D        | Reached skill level 15 in Fire Magic
  5597 | D        | Killed a merfolk impaler
  5597 | D        | Reached skill level 13 in Invocations
  5605 | D        | Identified Sif Muna's Last Secrets of Magic (Sif Muna gifted it to you in the Dungeon)
  5605 | D        | Received a gift from Sif Muna
  5706 | D        | Reached skill level 16 in Conjurations
  5722 | D        | Reached skill level 13 in Fighting
  5722 | D        | Reached skill level 19 in Spellcasting
  5835 | D        | Learned a level 9 spell: Fire Storm
  5882 | D        | Noticed Nessos
  5889 | D        | Killed Nessos
  5977 | D        | Noticed a fire dragon
  5977 | D        | Noticed a stone giant
  5980 | D        | Killed a fire dragon
  5980 | D        | Identified Sif Muna's Reference Book on Aerial Bewitchment (Sif Muna gifted it to you in the Dungeon)
  5980 | D        | Received a gift from Sif Muna
  5981 | D        | Noticed a fire dragon
  5983 | D        | Noticed a vampire knight
  5986 | D        | Killed a stone giant
  5986 | D        | Reached skill level 18 in Dodging
  5986 | D        | Reached skill level 16 in Fire Magic
  6125 | D        | Killed a fire dragon
  6125 | D        | HP: 20/88 [vampire knight/bardiche (21)]
  6135 | D        | Killed a vampire knight
  6188 | D        | Identified Segroud's Almanac of Confrontation and the Frostbite (Sif Muna gifted it to you in the Dungeon)
  6188 | D        | Received a gift from Sif Muna
  6188 | D        | Reached skill level 17 in Conjurations
  6211 | D        | Noticed a spark wasp
  6214 | D        | Killed a spark wasp
  6214 | D        | Reached skill level 20 in Spellcasting
  6367 | D        | Noticed a fire giant
  6371 | D        | Killed a fire giant
  6371 | D        | Reached XP level 14. HP: 69/95 MP: 20/40
  6760 | D        | Noticed a frost giant
  6771 | D        | Killed a frost giant
  6771 | D        | Reached skill level 14 in Fighting
  6886 | D        | Identified Itroybla's Almanac of Excruciating Envenoming (Sif Muna gifted it to you in the Dungeon)
  6886 | D        | Received a gift from Sif Muna
  6895 | D        | Learned a level 6 spell: Bolt of Cold
  6944 | D        | Reached skill level 1 in Ice Magic
  6989 | D        | Reached skill level 19 in Dodging
  6991 | D        | Reached skill level 17 in Fire Magic
  6991 | D        | Reached skill level 2 in Ice Magic
  6991 | D        | Reached skill level 3 in Ice Magic
  6996 | D        | Identified Sif Muna's Catalogue of Curses and Attacks (Sif Muna gifted it to you in the Dungeon)
  6996 | D        | Received a gift from Sif Muna
  7002 | D        | Reached skill level 4 in Ice Magic
  7006 | D        | Noticed a fire giant
  7012 | D        | Noticed a vault warden
  7013 | D        | Killed a fire giant
  7013 | D        | Reached skill level 21 in Spellcasting
  7013 | D        | Reached skill level 18 in Conjurations
  7014 | D        | Noticed an entropy weaver
  7021 | D        | Reached skill level 5 in Ice Magic
  7144 | D        | Killed a vault warden
  7148 | D        | Killed an entropy weaver
  7159 | D        | Noticed a vault warden
  7268 | D        | Killed a vault warden
  7268 | D        | Reached skill level 6 in Ice Magic
  7485 | D        | Identified Viatra's Catalogue of Hurtful Snow (Sif Muna gifted it to you in the Dungeon)
  7485 | D        | Received a gift from Sif Muna
  7523 | D        | Noticed an ironheart preserver
  7566 | D        | Killed an ironheart preserver
  7927 | D        | Learned a level 8 spell: Lehudib's Crystal Spear
  8017 | D        | Noticed Frederick
  8024 | D        | Killed Frederick
  8024 | D        | Reached skill level 20 in Dodging
  8024 | D        | Reached skill level 18 in Fire Magic
  8144 | D        | Noticed an emperor scorpion
  8144 | D        | Noticed an emperor scorpion
  8146 | D        | Reached skill level 15 in Fighting
  8147 | D        | Killed an emperor scorpion
  8156 | D        | Killed an emperor scorpion
  8156 | D        | Received a gift from Sif Muna
  8156 | D        | Killed a ghost moth
  8156 | D        | Reached skill level 22 in Spellcasting
  8157 | D        | Killed a ghost moth
  8157 | D        | Reached skill level 19 in Conjurations
  8157 | D        | Killed a ghost moth
  8169 | D        | Noticed an emperor scorpion
  8313 | D        | Noticed an emperor scorpion
  8317 | D        | Killed an emperor scorpion
  8317 | D        | Identified Sif Muna's Almanac of Orientation (Sif Muna gifted it to you in the Dungeon)
  8317 | D        | Received a gift from Sif Muna
  8317 | D        | Reached XP level 15. HP: 100/103 MP: 25/43
  8326 | D        | Got a gossamer rune of Zot
  8461 | D        | Noticed Ilsuiw
  8462 | D        | Reached skill level 21 in Dodging
  8463 | D        | Reached skill level 19 in Fire Magic
  8481 | D        | HP: 7/104 [something/shard of ice (41)]
  8483 | D        | Killed Ilsuiw
  8483 | D        | Identified Iffuromm's Compendium of Igneous Cold (Sif Muna gifted it to you in the Dungeon)
  8483 | D        | Received a gift from Sif Muna
  8483 | D        | HP: 1/104 [merfolk javelineer/poisoned javelin (17)]
  8484 | D        | Hit by a poisoned javelin thrown by a merfolk javelineer

Vault maps used:
D:        linesprint

Skill      XL: |  1  2  3  4  5  6  7  8  9 10 11 12 13 14 15 |
---------------+----------------------------------------------+-----
Stealth        | 3 5 6 7 8 10 11 12 | 12.3
Conjurations   | 2 4 5 6 8 9 10 12 13 15 17 19 | 19.7
Dodging        | 5 6 7 9 10 11 13 14 16 18 20 21 | 21.2
Fighting       | 2 3 4 6 7 8 9 10 12 13 15 | 15.8
Spellcasting   | 5 6 7 8 10 11 12 14 16 18 20 22 | 22.8
Fire Magic     | 5 6 7 8 9 10 12 13 14 16 18 19 | 19.2
Invocations    | 1 6 9 12 13 | 13.0
Charms         | 1 |  1.5
Necromancy     | 1 |  1.2
Earth Magic    | 1 |  1.0
Evocations     | 1 |  1.0
Ice Magic      | 6 |  6.8

Action                   |  1- 3 |  4- 6 |  7- 9 | 10-12 | 13-15 || total
-------------------------+-------+-------+-------+-------+-------++-------
Melee: Unarmed           |    16 |       |       |       |       ||    16
       Whip              |    29 |       |       |       |       ||    29
       Lajatang          |     2 |       |    11 |       |       ||    13
 Cast: Flame Tongue      |     8 |     3 |    23 |    11 |       ||    45
       Sticky Flame      |       |       |    30 |    46 |    17 ||    93
       Conjure Flame     |       |       |     9 |     1 |     1 ||    11
       Bolt of Fire      |       |       |       |    35 |    52 ||    87
       Bolt of Magma     |       |       |       |     6 |       ||     6
       Bolt of Draining  |       |       |       |    25 |    63 ||    88
       Iskenderun's Batt |       |       |       |       |     3 ||     3
       Bolt of Cold      |       |       |       |       |     3 ||     3
       Fire Storm        |       |       |       |       |     3 ||     3
Invok: Channel Magic     |       |       |       |     6 |     9 ||    15
       Forget Spell      |       |       |       |     1 |       ||     1
Evoke: Wand              |     2 |     2 |       |       |       ||     4
       Staff of energy   |       |       |     2 |       |     3 ||     5
  Use: Potion            |     1 |       |     2 |     2 |     4 ||     9
       Scroll            |     1 |       |     1 |     4 |     3 ||     9
 Stab: Sleeping          |       |       |     1 |       |       ||     1
  Eat: Bread ration      |       |       |     2 |       |       ||     2
       Chunk             |       |       |       |     3 |     9 ||    12
       Fruit             |       |       |       |     6 |     4 ||    10
Armor: Robe              |    19 |       |     4 |     8 |    10 ||    41
Dodge: Dodged            |    46 |     1 |    81 |    69 |   125 ||   322

Vault maps used:
D:        linesprint

Table legend:
 A = Turns spent in this place as a percentage of turns spent in the entire game.
 B = Non-inter-level travel turns spent in this place as a percentage of non-inter-level travel turns spent in the entire game.
 C = Inter-level travel turns spent in this place as a percentage of turns spent in this place.
 D = Turns resting spent in this place as a percentage of non-inter-level travel turns spent in this place.
 E = Turns spent auto-exploring this place as a percentage of non-inter-level travel turns spent in this place.
 F = Non-inter-level travel turns spent in this place divided by the number of levels of this place that you've seen.
                   A       B       C       D       E      F
               +-------+-------+-------+-------+-------+----------------------
         Total | 100.0 | 100.0 |   0.0 |   3.9 |   0.1 | 3235.0
       Dungeon | 100.0 | 100.0 |   0.0 |   3.9 |   0.1 | 3235.0
               +-------+-------+-------+-------+-------+----------------------

Table legend:
 A = Kills in this place as a percentage of kills in entire the game.
 B = Kills by you in this place as a percentage of kills by you in the entire game.
 C = Kills by friends in this place as a percentage of kills by friends in the entire game.
 D = Other kills in this place as a percentage of other kills in the entire game.
 E = Experience gained in this place as a percentage of experience gained in the entire game.
 F = Experience gained in this place divided by the number of levels of this place that you have seen.
                   A       B       C       D       E      F
               +-------+-------+-------+-------+-------+----------------------
         Total | 100.0 | 100.0 | 100.0 |  -nan | 100.0 | 112864.0
       Dungeon | 100.0 | 100.0 | 100.0 |  -nan | 100.0 | 112864.0
               +-------+-------+-------+-------+-------+----------------------
